3L
LONE STAR BC @ OAKLAND OAKS
06/25/2018
 
TOP OF THE 1ST
Lone Star BC batting - Pitching for Oakland Oaks : RHP Ramiro Lara
Pitching: RHP Ramiro Lara
Batting: LHB Ray Merrill 0-0: Ground out 4-3 (Groundball, 34)
Batting: RHB Elvis Larson 0-0: Ball
1-0: Foul Ball, location: 2F
1-1: Ball
2-1: Ball
3-1: Foul Ball, location: 2F
3-2: Base on Balls
Batting: RHB Toshitsugu Sakamoto 0-0: Ball
1-0: Fly out, F9 (Flyball, 9LS)
Batting: SHB Matt Morris 0-0: Ball
Elvis Larson is caught stealing 2nd base
Top of the 1st over - 0 run(s), 0 hit(s), 0 error(s), 0 left on base; Lone Star 0 - Oakland 0
BOTTOM OF THE 1ST
Oakland Oaks batting - Pitching for Lone Star BC : RHP José Alaniz
Pitching: RHP José Alaniz
Batting: SHB Arturo Hernández 0-0: Called Strike
0-1: Called Strike
0-2: Strikes out looking
Batting: SHB Ramiro Salazar 0-0: Ball
1-0: DOUBLE (Line Drive, 3L)
Batting: RHB Chandler Bailey 0-0: Ball
1-0: Ball
2-0: Foul Ball, location: 2F
2-1: Foul Ball, location: 2F
2-2: Ball
3-2: Strikes out swinging
Batting: LHB Félix Pérez 0-0: Ball
1-0: Ball
2-0: Called Strike
2-1: Ground out 4-3 (Groundball, 4)
Bottom of the 1st over - 0 run(s), 1 hit(s), 0 error(s), 1 left on base; Lone Star 0 - Oakland 0
TOP OF THE 2ND
Lone Star BC batting - Pitching for Oakland Oaks : RHP Ramiro Lara
Batting: SHB Matt Morris 0-0: Swinging Strike
0-1: Foul Ball, location: 2F
0-2: Ball
1-2: Foul Ball, location: 2F
1-2: SINGLE (Groundball, 34D)
Batting: LHB Jeff Sharp 0-0: Ball
1-0: Called Strike
1-1: Swinging Strike
1-2: Ball
2-2: Strikes out swinging
Batting: RHB Henry Potts 0-0: Called Strike
0-1: Ball
1-1: Foul Ball, location: 2F
1-2: Strikes out swinging
Batting: LHB Gregory Johnson 0-0: Called Strike
0-1: Called Strike
0-2: Foul Ball, location: 2F
0-2: Strikes out looking
Top of the 2nd over - 0 run(s), 1 hit(s), 0 error(s), 1 left on base; Lone Star 0 - Oakland 0
BOTTOM OF THE 2ND
Oakland Oaks batting - Pitching for Lone Star BC : RHP José Alaniz
Batting: RHB Wilber Moon 0-0: Called Strike
0-1: Ball
1-1: Called Strike
1-2: Ground out 5-3 (Groundball, 5S)
Batting: RHB Aurelio Vázquez 0-0: Called Strike
0-1: Ball
1-1: Foul Ball, location: 2F
1-2: Reached on error, E5 (Groundball, 56)
Batting: SHB John Allen 0-0: Ball
1-0: Called Strike
1-1: Called Strike
1-2: DOUBLE (Line Drive, 9LM)
Aurelio Vázquez to third
Batting: SHB Eugene Parrish 0-0: Ball
1-0: Called Strike
1-1: Ball
2-1: SINGLE (Flyball, 9LS)
Aurelio Vázquez scores
John Allen to third
Runner from 3rd tries for Home, throw and OUT!
Batting: RHB Ramiro Lara 0-0: Foul Ball, location: 2F
0-1: Swinging Strike
0-2: Ball
1-2: Strikes out swinging wild pitch, reaches first!
Eugene Parrish to second
Batting: SHB Arturo Hernández 0-0: Called Strike
0-1: Called Strike
0-2: Foul Ball, location: 2F
0-2: Ball
1-2: Ball
2-2: DOUBLE (Line Drive, 9LS)
Eugene Parrish scores
Ramiro Lara to third
Batting: SHB Ramiro Salazar 0-0: Ball
1-0: SINGLE (Groundball, 4M)
Ramiro Lara scores
Arturo Hernández to third
Runner from 3rd tries for Home, SAFE, no throw or cutoff
Batting: RHB Chandler Bailey 0-0: Ball
1-0: Called Strike
1-1: DOUBLE (Line Drive, 9LM)
Ramiro Salazar to third
Runner from 3rd tries for Home, SAFE, no throw or cutoff
Pitching: RHP Reed Taylor
Batting: LHB Félix Pérez 0-0: Swinging Strike
0-1: Called Strike
0-2: Ball
1-2: SINGLE (Line Drive, 56D)
Chandler Bailey to third
Runner from 3rd tries for Home, throw and OUT!
Bottom of the 2nd over - 5 run(s), 6 hit(s), 1 error(s), 1 left on base; Lone Star 0 - Oakland 5
TOP OF THE 3RD
Lone Star BC batting - Pitching for Oakland Oaks : RHP Ramiro Lara
Batting: RHB Thomas Dunlap 0-0: Ground out 5-3 (Groundball, 5)
Batting: RHB Reed Taylor 0-0: Ball
1-0: Called Strike
1-1: Ground out 6-3 (Groundball, 6)
Batting: LHB Ray Merrill 0-0: Foul Ball, location: 2F
0-1: Ball
1-1: Ball
2-1: Ball
3-1: Base on Balls
Batting: RHB Elvis Larson 0-0: Called Strike
0-1: SINGLE (Flyball, 89S)
Ray Merrill to second
Runner from 2nd tries for 3rd, SAFE, no throw or cutoff
Batting: RHB Toshitsugu Sakamoto 0-0: Fly out, F9 (Flyball, 9LM)
Top of the 3rd over - 0 run(s), 1 hit(s), 0 error(s), 2 left on base; Lone Star 0 - Oakland 5
BOTTOM OF THE 3RD
Oakland Oaks batting - Pitching for Lone Star BC : RHP Reed Taylor
Batting: RHB Wilber Moon 0-0: Ball
1-0: Called Strike
1-1: Ball
2-1: Ground out 6-3 (Groundball, 6D)
Batting: RHB Aurelio Vázquez 0-0: Fly out, F8 (Flyball, 8LXD)
Batting: SHB John Allen 0-0: Foul Ball, location: 2F
0-1: Ground out U3 (Groundball, 3S)
Bottom of the 3rd over - 0 run(s), 0 hit(s), 0 error(s), 0 left on base; Lone Star 0 - Oakland 5
TOP OF THE 4TH
Lone Star BC batting - Pitching for Oakland Oaks : RHP Ramiro Lara
Batting: SHB Matt Morris 0-0: Called Strike
0-1: Swinging Strike
0-2: Ball
1-2: Ball
2-2: Foul Ball, location: 2F
2-2: Foul Ball, location: 2F
2-2: SINGLE (Line Drive, 7LS)
Batting: LHB Jeff Sharp 0-0: Called Strike
0-1: Ball
1-1: Fielders Choice at 2nd, 1-6 (Groundball, 13)
Batting: RHB Henry Potts 0-0: Fly out, F9 (Flyball, 9S)
0-0: Fly out, F9 (Flyball, 9S)
Batting: LHB Gregory Johnson 0-0: Ball
1-0: SINGLE (Line Drive, 4D)
Jeff Sharp to second
Batting: RHB Thomas Dunlap 0-0: SINGLE (Line Drive, 7S)
Jeff Sharp to third
Gregory Johnson to second
Runner from 3rd tries for Home, SAFE, no throw or cutoff
Pinch Hitting: SHB Jack Bell 0-0: Foul Ball, location: 2F
0-1: Swinging Strike
0-2: Fly out, F8 (Flyball, 8RM)
Top of the 4th over - 1 run(s), 3 hit(s), 0 error(s), 2 left on base; Lone Star 1 - Oakland 5
BOTTOM OF THE 4TH
Oakland Oaks batting - Pitching for Lone Star BC : RHP Reed Taylor
Pitching: RHP José Mota
Batting: SHB Eugene Parrish 0-0: Ground out 4-3 (Groundball, 4S)
Batting: RHB Ramiro Lara 0-0: Called Strike
0-1: Ball
1-1: Ball
2-1: Called Strike
2-2: Foul Ball, location: 2F
2-2: Foul Ball, location: 2F
2-2: Foul Ball, location: 2F
2-2: Ball
3-2: Foul Ball, location: 2F
3-2: Base on Balls
Batting: SHB Arturo Hernández 0-0: Swinging Strike
0-1: Ball
1-1: Ball
2-1: Ball
3-1: Base on Balls
Ramiro Lara to second
Batting: SHB Ramiro Salazar 0-0: Fielders Choice at 2nd, 4-6 (Groundball, 34)
Ramiro Lara to third
Batting: RHB Chandler Bailey 0-0: Ball
1-0: SINGLE (Line Drive, 7S)
Ramiro Lara scores
Ramiro Salazar to second
Batting: LHB Félix Pérez 0-0: Ball
1-0: Ball
2-0: Swinging Strike
2-1: Foul Ball, location: 2F
2-2: Ball
3-2: Foul Ball, location: 2F
3-2: Foul Ball, location: 2F
3-2: Base on Balls
Ramiro Salazar to third
Chandler Bailey to second
Batting: RHB Wilber Moon 0-0: SINGLE (Line Drive, 6MD)
Ramiro Salazar scores
Chandler Bailey to third
Félix Pérez to second
Runner from 3rd tries for Home, SAFE, throw made at trailing runner, SAFE at third!
Pitching: RHP José Galindo
Batting: RHB Aurelio Vázquez 0-0: Ball
1-0: Foul Ball, location: 2F
1-1: Swinging Strike
1-2: Fly out, F9 (Flyball, 89S)
Bottom of the 4th over - 3 run(s), 2 hit(s), 0 error(s), 2 left on base; Lone Star 1 - Oakland 8
TOP OF THE 5TH
Lone Star BC batting - Pitching for Oakland Oaks : RHP Ramiro Lara
Batting: LHB Ray Merrill 0-0: Ball
1-0: Ball
2-0: Ground out 4-3 (Groundball, 4M)
Batting: RHB Elvis Larson 0-0: Ball
1-0: Foul Ball, location: 2F
1-1: Called Strike
1-2: Foul Ball, location: 2F
1-2: Ball
2-2: SINGLE (Groundball, 6MD) (infield hit)
Batting: RHB Toshitsugu Sakamoto 0-0: Called Strike
0-1: Ball
Pickoff Throw to First - Error! E1
Elvis Larson to second
1-1: SINGLE (Groundball, 6MD)
Elvis Larson to third
Runner from 3rd tries for Home, SAFE, no throw or cutoff
Batting: SHB Matt Morris 0-0: Ball
1-0: Ball
2-0: Ball
3-0: Grounds into double play, 1-6-3 (Groundball, 13)
Top of the 5th over - 1 run(s), 2 hit(s), 1 error(s), 0 left on base; Lone Star 2 - Oakland 8
BOTTOM OF THE 5TH
Oakland Oaks batting - Pitching for Lone Star BC : RHP José Galindo
Batting: SHB John Allen 0-0: Ball
1-0: Called Strike
1-1: Ball
2-1: SINGLE (Groundball, 25) (infield hit)
Batting: SHB Eugene Parrish 0-0: Ball
1-0: Fly out, F7 (Flyball, 7M)
Batting: RHB Ramiro Lara 0-0: Sac Bunt - play at first, batter OUT! 1-4
John Allen to second
Batting: SHB Arturo Hernández 0-0: Ball
1-0: Called Strike
1-1: Ground out 3-1 (Groundball, 34)
Bottom of the 5th over - 0 run(s), 1 hit(s), 0 error(s), 1 left on base; Lone Star 2 - Oakland 8
TOP OF THE 6TH
Lone Star BC batting - Pitching for Oakland Oaks : RHP Ramiro Lara
Batting: LHB Jeff Sharp 0-0: Swinging Strike
0-1: Ball
1-1: Ball
2-1: Ground out 4-3 (Groundball, 4M)
Batting: RHB Henry Potts 0-0: Foul Ball, location: 2F
0-1: Ball
1-1: Fly out, F7 (Flyball, 78M)
Batting: LHB Gregory Johnson 0-0: Ball
1-0: Ball
2-0: Foul Ball, location: 2F
2-1: Ball
3-1: Called Strike
3-2: Ground out 4-3 (Groundball, 4)
Top of the 6th over - 0 run(s), 0 hit(s), 0 error(s), 0 left on base; Lone Star 2 - Oakland 8
BOTTOM OF THE 6TH
Oakland Oaks batting - Pitching for Lone Star BC : RHP José Galindo
Batting: SHB Ramiro Salazar 0-0: Ball
1-0: Swinging Strike
1-1: Ball
2-1: Ball
3-1: Base on Balls
Batting: RHB Chandler Bailey 0-0: Ball
1-0: SINGLE (Groundball, 4)
Ramiro Salazar to second
Ramiro Salazar to third
Batting: LHB Félix Pérez 0-0: Ball
1-0: Ball
2-0: Ball
3-0: Base on Balls
Chandler Bailey to second
Batting: RHB Wilber Moon 0-0: Ball
1-0: Called Strike
1-1: Ball
2-1: Swinging Strike
2-2: Foul Ball, location: 2F
2-2: Ball
3-2: Fly out, F9 (Flyball, 9D)
Runner from 3rd tags up, SCORES, no throw
Chandler Bailey to third
Batting: RHB Aurelio Vázquez 0-0: Called Strike
0-1: Foul Ball, location: 2F
0-2: SINGLE (Groundball, 6)
Chandler Bailey scores
Félix Pérez to second
Pitching: RHP Jesús Reyes
Batting: SHB John Allen 0-0: Ball
1-0: Called Strike
1-1: Called Strike
1-2: Strikes out swinging
Batting: SHB Eugene Parrish 0-0: Called Strike
0-1: Ball
1-1: Foul Ball, location: 2F
1-2: Ground out 4-3 (Groundball, 4)
Bottom of the 6th over - 2 run(s), 2 hit(s), 0 error(s), 2 left on base; Lone Star 2 - Oakland 10
TOP OF THE 7TH
Lone Star BC batting - Pitching for Oakland Oaks : RHP Ramiro Lara
Now in LF: Jason Adair
Batting: RHB Thomas Dunlap 0-0: Ball
1-0: Ball
2-0: Called Strike
2-1: Fly out, F8 (Flyball, 8RM)
Pinch Hitting: RHB Tony García 0-0: Ball
1-0: Fly out, F7 (Line Drive, 78M)
Batting: LHB Ray Merrill 0-0: Called Strike
0-1: Foul Ball, location: 2F
0-2: Foul Ball, location: 2F
0-2: Ground out 4-3 (Groundball, 4)
Top of the 7th over - 0 run(s), 0 hit(s), 0 error(s), 0 left on base; Lone Star 2 - Oakland 10
BOTTOM OF THE 7TH
Oakland Oaks batting - Pitching for Lone Star BC : RHP Jesús Reyes
Pitching: RHP Aaron O'Neill
Batting: RHB Ramiro Lara 0-0: Called Strike
0-1: SINGLE (Line Drive, 9S)
Batting: LHB Jason Adair 0-0: Ball
1-0: Foul Ball, location: 2F
1-1: Swinging Strike
1-2: Strikes out looking
Batting: SHB Ramiro Salazar 0-0: Called Strike
0-1: Called Strike
0-2: Ball
1-2: Ball
2-2: Foul Ball, location: 2F
2-2: Foul Ball, location: 2F
2-2: Foul Ball, location: 2F
2-2: Ball
3-2: Foul Ball, location: 2F
3-2: Base on Balls
Ramiro Lara to second
Batting: RHB Chandler Bailey 0-0: Ball
1-0: Ball
2-0: Foul Ball, location: 2F
2-1: Ball
3-1: Called Strike
3-2: Fly out, F3 (Popup, 3D)
Batting: LHB Félix Pérez 0-0: Swinging Strike
0-1: Called Strike
0-2: Strikes out swinging
Bottom of the 7th over - 0 run(s), 1 hit(s), 0 error(s), 2 left on base; Lone Star 2 - Oakland 10
TOP OF THE 8TH
Lone Star BC batting - Pitching for Oakland Oaks : RHP Ramiro Lara
Batting: RHB Elvis Larson 0-0: Ball
1-0: Called Strike
1-1: Ball
2-1: Ball
3-1: Foul Ball, location: 2F
3-2: Ground out 5-3 (Groundball, 5)
Batting: RHB Toshitsugu Sakamoto 0-0: Foul Ball, location: 2F
0-1: Ground out 5-3 (Groundball, 56)
Batting: SHB Matt Morris 0-0: Ball
1-0: Foul Ball, location: 2F
1-1: Called Strike
1-2: DOUBLE (Flyball, 8RXD)
Batting: LHB Jeff Sharp 0-0: Called Strike
0-1: Ball
1-1: SINGLE (Line Drive, 89S)
Matt Morris to third
Pitching: RHP Dick Rasmussen
Batting: RHB Henry Potts 0-0: Ball
1-0: Fly out, F8 (Flyball, 8RXD)
Top of the 8th over - 0 run(s), 2 hit(s), 0 error(s), 2 left on base; Lone Star 2 - Oakland 10
BOTTOM OF THE 8TH
Oakland Oaks batting - Pitching for Lone Star BC : RHP Aaron O'Neill
Batting: RHB Wilber Moon 0-0: Ball
1-0: Ball
2-0: Ball
3-0: Called Strike
3-1: Base on Balls
Batting: RHB Aurelio Vázquez 0-0: Foul Ball, location: 2F
0-1: Ball
1-1: Ball
2-1: Foul Ball, location: 2F
2-2: Grounds into double play, 5-4-3 (Groundball, 5)
Batting: SHB John Allen 0-0: Swinging Strike
0-1: SINGLE (Groundball, 56)
Batting: SHB Eugene Parrish 0-0: Ball
1-0: Called Strike
1-1: Fly out, F7 (Flyball, 7LMF)
Bottom of the 8th over - 0 run(s), 1 hit(s), 0 error(s), 1 left on base; Lone Star 2 - Oakland 10
TOP OF THE 9TH
Lone Star BC batting - Pitching for Oakland Oaks : RHP Dick Rasmussen
Batting: LHB Gregory Johnson 0-0: Called Strike
0-1: Ball
1-1: Called Strike
1-2: Foul Ball, location: 2F
1-2: Ball
2-2: Ball
3-2: Ground out 1-3 (Groundball, 34S)
Batting: RHB Thomas Dunlap 0-0: Ball
1-0: Called Strike
1-1: Ball
2-1: DOUBLE (Line Drive, 89S)
Pinch Hitting: RHB Robert Hill 0-0: Foul Ball, location: 2F
0-1: Ball
1-1: Swinging Strike
1-2: Foul Ball, location: 2F
1-2: Foul Ball, location: 2F
1-2: Ball
2-2: Strikes out swinging
Batting: LHB Ray Merrill 0-0: Ball
Passed Ball!
Thomas Dunlap to third
1-0: Ball
2-0: Foul Ball, location: 2F
2-1: Ground out 4-3 (Groundball, 4)
Top of the 9th over - 0 run(s), 1 hit(s), 0 error(s), 1 left on base; Lone Star 2 - Oakland 10
This league is powered by Out of the Park Baseball, the baseball management simulation game for PC, Mac and Linux
Monday, May 4th, 2015 - OOTP Baseball 15.6 Build 34